 Dungeon Crawl Stone Soup version 0.28.0-1-gb440e238dd (webtiles) character file.

Game seed: 16724578659261393724

417 casserolx the Insei (level 6, 0/66 HPs)
             Began as a Merfolk Transmuter on Feb 25, 2022.
             Slain by Pikel (1 damage)
             ... on level 5 of the Dungeon.
             The game lasted 00:16:14 (4984 turns).

casserolx the Insei (Merfolk Transmuter)            Turns: 4984, Time: 00:16:15

Health: 0/66       AC: 16    Str: 13    XL:     6   Next: 92%
Magic:  9/10       EV: 10    Int: 12    God:
Gold:   126        SH:  0    Dex: 14    Spells: 4/11 levels left

rFire   . . .      SeeInvis .   e - +2 whip (venom)
rCold   + + .      Faith    .   (no shield)
rNeg    . . .      Spirit   .   w - +0 ice dragon scales
rPois   .          Reflect  .   (no helmet)
rElec   .          Harm     .   m - +2 cloak {rCorr}
rCorr   +          Rampage  .   (no gloves)
Will    .....                   (no boots)
Stlth   ..........              (no amulet)
HPRegen 0.21/turn               s - ring of protection from fire
MPRegen 0.12/turn               y - +4 ring of protection

@: berserking, wereblooded (expiring), very quick
A: (nimble swimmer 2), mertail, deterioration 1, subdued magic 1, sturdy frame 1
a: no special abilities


You were on level 5 of the Dungeon.
You visited 1 branch of the dungeon, and saw 5 of its levels.

You collected 126 gold pieces.

Inventory:

Hand Weapons
 e - a +2 whip of venom (weapon)
 k - a +3 mace
 l - a +2 quarterstaff of chaos
Armour
 a - a +0 robe
 f - a scarf of harm
 m - a +2 cloak of preservation (worn)
 w - +0 ice dragon scales (worn)
Magical Staves
 j - a staff of death
Jewellery
 s - a ring of protection from fire (left hand)
 y - a +4 ring of protection (right hand)
Scrolls
 b - a scroll of blinking
 d - 4 scrolls of identify
 h - 2 scrolls of vulnerability {unknown}
 i - 2 scrolls of fog {unknown}
 n - a scroll of teleportation {unknown}
 r - a scroll of immolation {unknown}
 t - a scroll of enchant armour {unknown}
 v - 2 scrolls of enchant weapon {unknown}
Potions
 c - a potion of magic {unknown}
 g - a potion of cancellation {unknown}
 p - a potion of curing {unknown}
 u - a potion of haste {unknown}
 x - a potion of brilliance {unknown}


   Skills:
 + Level 2.0 Fighting
 + Level 2.2 Maces & Flails
 + Level 0.1 Armour
 + Level 3.9 Dodging
 + Level 2.5 Stealth
 + Level 5.0 Unarmed Combat
 + Level 3.0 Spellcasting
 + Level 0.2 Conjurations
 + Level 3.7 Transmutations
 + Level 0.2 Fire Magic


You had 4 spell levels left.
You knew the following spells:

 Your Spells              Type           Power      Damage    Failure   Level
a - Beastly Appendage     Tmut           16%        N/A       16%         1
b - Wereblood             Tmut           8%         N/A       24%         2
c - Spider Form           Tmut/Pois      4%         N/A       73%         3
d - Foxfire               Conj/Fire      4%         2x1d4     58%         1

Your spell library contained the following spells:

 Spells                   Type           Power      Damage    Failure   Level
 Conjure Flame            Conj/Fire      1%         6-21      92%         3
 Inner Flame              Hex/Fire       1%         N/A       93%         3
 Ice Form                 Ice/Tmut       4%         N/A       98%         4
 Flame Wave               Conj/Fire      1%         2d4       100%        4


Dungeon Overview and Level Annotations

Branches:
Dungeon (5/15)
 Temple: D:4-7

Altars:

Shops:
D:2 =

Annotations:
D:4 2 runed translucent doors, Vruhak's ghost, amateur GrGl
D:5 Pikel


Innate Abilities, Weirdness & Mutations

((You are very nimble when in or above water. (Stealth+, EV+, Speed+++)))
Your lower body shifts to a powerful aquatic tail in water.
Your body sometimes deteriorates upon taking damage.
Your spells are a little easier to cast, but a little less powerful.
Your movements are slightly less encumbered by armour. (ER -2)


Message History

Pikel is lightly wounded.
Pikel zaps a wand.
The bolt of acid hits you! You resist.
You miss Pikel. You punch Pikel, but do no damage.
Pikel is lightly wounded.
Pikel zaps a wand.
The bolt of acid hits you! You resist.
You barely miss Pikel. You punch Pikel.
Pikel is lightly wounded.
Pikel hits you with a +1 whip of flaming!
* * * LOW HITPOINT WARNING * * *
Pikel burns you.
* * * LOW HITPOINT WARNING * * *
It was a potion of mutation.
You feel extremely strange.
You feel yourself wasting away.
Your connection to magic feels subdued.
You feel less encumbered by your armour.
Pikel looks more healthy.
Pikel closely misses you.
It was a potion of berserk rage.
A red film seems to cover your vision as you go berserk!
You feel yourself moving faster!
You feel mighty! Pikel hits you but does no damage.
You hit Pikel.
Pikel is poisoned.
Pikel is moderately wounded.
Your primal bloodlust is almost over.
You closely miss Pikel.
Pikel is moderately wounded.
Pikel closely misses you.
You barely miss Pikel.
Pikel is moderately wounded.
Pikel hits you but does no damage.
You whack Pikel!
Pikel is heavily wounded.
You barely miss Pikel.
Pikel is heavily wounded.
Pikel zaps a wand.
The bolt of acid hits you! You resist.
* * * LOW HITPOINT WARNING * * *
You are too berserk!
You are too berserk!
You closely miss Pikel.
Pikel is heavily wounded.
Pikel hits you with a +1 whip of flaming.
You die...

#..#.. #....
#####.#.#
.....?..#####.#
######.........
##5#####.# #5#
#K# #@# #.# #.#
#.# #.# #.#
#############>#
#..)..........#
#.#############


You could see Pikel (very poisoned) and 2 lemures.

Vanquished Creatures
  An ogre (D:5)
  2 lemures (D:5)
  A scorpion (D:4)
  A howler monkey (D:3)
  A hound (D:4)
  Crazy Yiuf (D:2)
  An iguana (D:4)
  A scorpion zombie (D:5)
  A howler monkey skeleton (D:4)
  6 adders
  A white imp (D:4)
  A worm (D:2)
  2 dart slugs
  2 orcs (D:4)
  2 ball pythons (D:3)
  6 endoplasms
  A giant cockroach (D:2)
  2 goblins
  6 hobgoblins
  2 jackals (D:4)
  5 kobolds
  2 bats
  2 frilled lizards
  A quokka skeleton (D:4)
  5 rats
56 creatures vanquished.

Vanquished Creatures (others)
  7 foxfires (D:4)
7 creatures vanquished.

Grand Total: 63 creatures vanquished

Notes
Turn   | Place    | Note
-------+----------+-------------------------------------------
     0 | D:1      | casserolx the Merfolk Transmuter began the quest for the
                  | Orb.
     0 | D:1      | Reached XP level 1. HP: 15/15 MP: 3/3
   284 | D:1      | Reached XP level 2. HP: 7/21 MP: 1/5
  1309 | D:2      | Reached skill level 4 in Unarmed Combat
  1346 | D:2      | Reached XP level 3. HP: 26/26 MP: 6/6
  1708 | D:2      | Learned a level 2 spell: Wereblood
  1812 | D:2      | Reached XP level 4. HP: 19/32 MP: 5/7
  2259 | D:2      | Found Vitoodia's Jewellery Emporium.
  2423 | D:2      | Found a runed translucent door.
  2424 | D:2      | Noticed Crazy Yiuf
  2480 | D:2      | Killed Crazy Yiuf
  2757 | D:3      | Reached skill level 1 in Stealth
  2757 | D:3      | Reached XP level 5. HP: 37/37 MP: 8/8
  2761 | D:3      | Learned a level 3 spell: Spider Form
  3128 | D:3      | Found a faded altar of an unknown god.
  3714 | D:4      | Learned a level 1 spell: Foxfire
  3748 | D:4      | Reached skill level 1 in Maces & Flails
  3808 | D:4      | Reached XP level 6. HP: 35/43 MP: 8/10
  3883 | D:4      | Reached skill level 5 in Unarmed Combat
  4237 | D:4      | Found a large runed translucent door.
  4237 | D:4      | Found a large runed translucent door.
  4239 | D:4      | Noticed Vruhak's ghost (amateur GrGl)
  4812 | D:5      | Entered Level 5 of the Dungeon
  4947 | D:5      | Noticed Pikel
  4977 | D:5      | Gained mutation: Your body sometimes deteriorates upon
                  | taking damage. [potion of mutation]
  4977 | D:5      | Gained mutation: Your spells are a little easier to cast,
                  | but a little less powerful. [potion of mutation]
  4977 | D:5      | Gained mutation: Your movements are slightly less
                  | encumbered by armour. (ER -2) [potion of mutation]
  4983 | D:5      | HP: 1/66 [Pikel/bolt of acid (15)]
  4984 | D:5      | Slain by Pikel

Illustrated notes

Levels and vault maps discovered:
D:1:      minmay_arrival_five_plusses, layout_loops_ring, minmay_tetromino_s2
D:2:      layout_basic, serial_shops, shop, uniq_crazy_yiuf_cottage
D:3:      layout_basic, shapermc_ecumenical_altar_ellora
D:4:      layout_cave_pods, ebering_ghost_disaster_area
D:5:      layout_loops_ring, nemelex_spade_bored_becter, st_stairs_14,
          uniq_pikel, uniq_menkaure

Skill      XL: |  1  2  3  4  5  6 |
---------------+-------------------+-----
Dodging        | 3 |  3.9
Unarmed Combat | 4 5 |  5.0
Transmutations | 3 |  3.7
Stealth        | 1 2 |  2.5
Maces & Flails | 1 2 |  2.2
Spellcasting   | 3 |  3.0
Fighting       | 2 |  2.0
Armour         | |  0.1
Conjurations   | |  0.2
Fire Magic     | |  0.2

Action                   |  1- 3 |  4- 6 || total
-------------------------+-------+-------++-------
Melee: Unarmed           |    38 |       ||    38
       Headbutt          |     3 |     1 ||     4
       Whip              |    29 |   136 ||   165
       Punch             |     2 |     8 ||    10
 Cast: Beastly Appendage |     6 |       ||     6
       Foxfire           |       |     4 ||     4
       Wereblood         |       |     3 ||     3
  Use: Scroll            |       |     1 ||     1
       Potion            |       |     2 ||     2
 Stab: Sleeping          |     1 |     1 ||     2
Armor: Robe              |    13 |    12 ||    25
       Ice dragon scales |       |    28 ||    28
       Skin              |       |     4 ||     4
Dodge: Dodged            |    49 |    69 ||   118
